Map: Alcyone LE

Players

NightMare - Winner!

  • Race: Protoss Protoss
  • League: Master
  • Spawn Location: 1:00

Coffeeame (Coffee)

  • Race: Terran Terran
  • League: Master
  • Spawn Location: 7:00

VOD

Have the link to the VOD?

Description

Time

  • Played on: Dec. 11, 2023, 3:50 a.m.
  • Length: 19:13
Show
View Real Time Build Order
Export as new Build Order

NightMare Protoss - Winner!

Build Orders: 1 Gate Expand, Phoenix Opening 

Get SALT Encoding   

  12  0:00  Probe  
  13  0:12  Probe  
  14  0:20  Pylon  
  14  0:24  Probe  
  15  0:38  Probe (Chrono Boost)  
  15  0:39  Gateway  
  16  0:47  Assimilator, Probe (Chrono Boost)  
  17  0:52  Probe (Chrono Boost)  
  18  1:04  Probe  
  19  1:16  Probe  
  20  1:27  Cybernetics Core  
  20  1:28  Probe  
  21  1:41  Nexus  
  21  1:46  Probe  
  22  1:48  Pylon  
  22  1:53  Assimilator  
  22  1:58  Probe  
  23  2:03  Adept (Chrono Boost)  
  25  2:11  Probe  
  26  2:23  Adept (Chrono Boost)  
  29  2:30  Probe, Stargate  
  29  2:42  Warp Gate, Probe  
  29  2:46  Adept  
  31  2:53  Probe  
  31  2:54  Probe  
  34  3:05  Probe  
  34  3:06  Probe  
  35  3:12  Phoenix (Chrono Boost)  
  35  3:15  Shield Battery  
  35  3:17  Probe  
  35  3:18  Probe  
  39  3:21  Pylon  
  39  3:28  Phoenix (Chrono Boost)  
  39  3:29  Probe  
  39  3:30  Probe  
  43  3:42  Probe x2  
  45  3:49  Gateway  
  45  3:51  Gateway  
  45  3:54  Probe x2  
  47  3:55  Phoenix (Chrono Boost)  
  47  4:02  Pylon  
  49  4:06  Probe x2  
  51  4:11  Twilight Council  
  51  4:16  Phoenix  
  53  4:23  Probe x2  
  55  4:33  Assimilator  
  55  4:34  Pylon  
  55  4:35  Probe  
  55  4:36  Probe  
  57  4:40  Charge (Chrono Boost)  
  57  4:49  Zealot x2  
  57  4:52  Pylon  
  61  4:55  Nexus  
  61  4:59  Zealot  
  63  5:01  Pylon  
  63  5:09  Gateway  
  63  5:12  Gateway  
  63  5:17  Gateway  
  63  5:19  Probe x2  
  65  5:29  Gateway  
  65  5:33  Zealot x2  
  65  5:34  Zealot  
  71  5:35  Probe  
  71  5:37  Probe  
  73  5:44  Shield Battery  
  73  5:46  Robotics Facility  
  73  5:49  Phoenix  
  75  5:53  Sentry  
  75  5:55  Zealot  
  75  5:56  Probe  
  80  5:59  Zealot  
  82  6:05  Pylon  
  82  6:07  Pylon  
  82  6:16  Zealot x3  
  88  6:22  Zealot x2  
  88  6:23  Zealot  
  94  6:29  Zealot  
  78  6:40  Zealot x3  
  78  6:41  Probe x2  
  78  6:44  Zealot x2  
  78  6:46  Zealot  
  70  6:49  Zealot  
  70  6:54  Probe  
  70  6:55  Blink, Probe x2  
  70  6:59  Observer (Chrono Boost)  
  70  7:00  Sentry, Robotics Bay  
  70  7:01  Sentry  
  78  7:08  Zealot  
  78  7:09  Probe  
  78  7:10  Probe  
  78  7:11  Probe  
  83  7:21  Zealot x3  
  83  7:22  Probe x2  
  91  7:23  Probe  
  92  7:34  Probe  
  92  7:35  Observer (Chrono Boost)  
  94  7:37  Stalker x4  
  102  7:46  Pylon  
  102  7:49  Pylon  
  102  7:51  Colossus (Chrono Boost)  
  108  8:00  Zealot x4  
  108  8:02  Assimilator  
  116  8:07  Stalker x2  
  116  8:09  Stalker  
  116  8:11  Extended Thermal Lance  
  122  8:25  Zealot x4, Pylon  
  130  8:30  Probe x3  
  130  8:33  Observer, Colossus (Chrono Boost)  
  124  8:43  Zealot x3  
  130  8:53  Probe x2  
  130  8:54  Probe  
  133  9:04  Forge  
  133  9:06  Stalker  
  133  9:07  Stalker x3  
  135  9:16  Probe x2  
  136  9:32  Pylon x2  
  136  9:36  Probe x2  
  136  9:37  Probe  
  139  9:43  Nexus  
  139  9:51  Shield Battery  
  145  9:53  Pylon  
  145  9:56  Protoss Ground Weapons Level 1 (Chrono Boost)  
  141  10:02  Stalker x2  
  141  10:03  Stalker x2  
  141  10:04  Stalker, Observer, Zealot  
  145  10:10  Zealot  
  145  10:15  Colossus (Chrono Boost)  
  145  10:18  Probe x2  
  139  10:23  Observer, Photon Cannon  
  139  10:27  Zealot x2  
  145  10:31  Observer  
  145  10:39  Photon Cannon  
  145  10:40  Robotics Facility  
  145  10:42  Probe x3  
  148  10:46  Gateway  
  148  10:54  Probe x2  
  148  10:55  Probe x2  
  152  10:58  Observer  
  152  11:02  Disruptor (Chrono Boost)  
  156  11:04  Observer  
  156  11:08  Probe x3  
  156  11:09  Shield Battery  
  158  11:20  Observer  
  158  11:25  Photon Cannon  
  158  11:28  Pylon  
  162  11:33  Observer  
  162  11:34  Zealot x7  
  162  11:35  Disruptor (Chrono Boost)  
  162  11:36  Disruptor (Chrono Boost)  
  162  11:38  Pylon  
  180  11:47  Protoss Ground Weapons Level 2 (Chrono Boost)  
  180  11:55  Disruptor (Chrono Boost)  
  180  11:56  Disruptor (Chrono Boost)  
  171  12:14  Stalker x5  
  179  12:16  Stalker x3  
  177  12:25  Nexus  
  177  12:26  Gateway  
  177  12:27  Assimilator, Gateway, Dark Shrine  
  177  12:28  Assimilator, Pylon  
  177  12:30  Assimilator  
  177  12:31  Photon Cannon  
  177  12:43  Photon Cannon x2  
  175  12:47  Fleet Beacon  
  179  12:55  Observer x2 (Chrono Boost)  
  179  12:56  Forge  
  177  12:59  Photon Cannon  
  177  13:01  Photon Cannon  
  177  13:02  Shield Battery  
  177  13:04  Stalker x4  
  165  13:32  Zealot x2  
  165  13:33  Zealot x8  
  179  13:35  Protoss Ground Armor Level 1 (Chrono Boost)  
  179  13:44  Pylon  
  177  13:53  Protoss Ground Weapons Level 3 (Chrono Boost), Observer  
  175  14:03  Stargate  
  175  14:04  Stargate  
  175  14:06  Observer  
  175  14:07  Observer, Templar Archives  
  177  14:11  Photon Cannon  
  177  14:13  Photon Cannon  
  177  14:14  Shield Battery  
  177  14:20  Stalker x8  
  177  14:23  Stalker  
  175  14:34  Zealot  
  176  14:48  Zealot x9  
  192  14:56  Observer  
  186  15:07  Zealot  
  186  15:09  Zealot x6  
  198  15:19  Observer x2 (Chrono Boost)  
  190  15:35  Tempest x3 (Chrono Boost)  
  151  16:17  Zealot x4  
  151  16:18  Zealot x6  
  169  16:19  Protoss Shields Level 1 (Chrono Boost)  
  169  16:21  Psionic Storm  
  169  16:28  Protoss Ground Armor Level 2 (Chrono Boost)  
  169  16:35  Gateway  
  169  16:37  Gateway  
  169  16:43  High Templar x2  
  173  16:48  Assimilator  
  173  16:54  Tempest x3 (Chrono Boost)  
  173  16:58  Nexus  
  186  17:15  Stalker x5  
  191  17:30  High Templar  
  191  17:31  High Templar x3  
  191  17:35  Observer  
  185  17:49  Stalker x3  
  185  17:50  Stalker x3  
  185  17:51  Zealot x2  
  188  18:26  Pylon  
  177  18:44  Stalker x5  
Show
View Real Time Build Order
Export as new Build Order

Coffeeame Terran 

Build Orders: Cyclone Opening, Reaper Expand 

Get SALT Encoding   

  12  0:00  SCV  
  13  0:12  SCV  
  14  0:17  Supply Depot  
  14  0:24  SCV  
  15  0:38  SCV  
  15  0:41  Barracks  
  16  0:43  Refinery  
  16  0:51  SCV  
  17  1:03  SCV  
  18  1:15  SCV  
  19  1:31  Orbital Command, Reaper  
  20  1:45  Command Center  
  20  1:50  Supply Depot  
  20  1:56  SCV  
  21  2:02  Marine  
  22  2:08  SCV  
  22  2:10  Factory  
  23  2:19  Bunker  
  23  2:20  SCV  
  23  2:21  Marine  
  25  2:33  SCV  
  25  2:36  Barracks  
  26  2:42  Barracks Reactor  
  26  2:45  SCV  
  27  2:54  Cyclone  
  27  2:57  Refinery  
  27  2:58  SCV  
  30  3:01  Orbital Command  
  31  3:12  SCV  
  31  3:18  Marine x2  
  33  3:24  Barracks Tech Lab, SCV  
  33  3:26  Factory Tech Lab  
  34  3:32  SCV  
  35  3:37  SCV  
  35  3:40  Marine x2  
  38  3:44  SCV  
  38  3:45  Stimpack  
  38  3:47  Marine  
  39  3:49  SCV  
  39  3:50  Supply Depot  
  39  3:53  Siege Tank  
  43  3:57  SCV  
  43  3:59  Barracks  
  43  4:00  Marine x2  
  46  4:09  Supply Depot  
  46  4:11  SCV x2, Marine  
  46  4:15  Engineering Bay  
  49  4:23  SCV x2  
  51  4:24  Marine, Refinery  
  51  4:25  Marine  
  51  4:29  Marine  
  51  4:30  Supply Depot  
  54  4:36  SCV x2  
  56  4:41  Terran Infantry Weapons Level 1  
  56  4:48  SCV x2  
  56  4:49  Factory Reactor  
  56  4:50  Starport  
  56  4:52  Marine x2  
  58  4:53  Marine  
  58  4:56  Combat Shield  
  58  4:57  Marine  
  62  5:00  SCV x2  
  62  5:01  Supply Depot  
  62  5:05  Supply Depot  
  64  5:12  SCV x2  
  66  5:15  Refinery  
  66  5:18  Marauder x2  
  70  5:22  Supply Depot, Marine x2  
  70  5:24  SCV  
  71  5:31  SCV  
  71  5:34  Factory Reactor, Medivac x2  
  73  5:36  SCV  
  73  5:41  Marine x2, Marauder  
  73  5:42  Marauder  
  80  5:43  Concussive Shells  
  80  5:45  SCV  
  80  5:48  Supply Depot, SCV  
  82  5:52  Supply Depot  
  82  6:00  Marine x2  
  84  6:06  Marauder x2  
  88  6:11  SCV x2  
  88  6:16  Medivac x2  
  97  6:18  Widow Mine x2  
  97  6:23  SCV x2  
  85  6:42  Marauder x2  
  85  6:45  SCV x2  
  83  6:50  Widow Mine x2  
  84  6:55  Medivac x2  
  84  6:56  Marine x2  
  84  6:57  SCV x2  
  84  6:58  Terran Infantry Armor Level 1  
  92  7:03  Armory  
  92  7:06  Marauder  
  92  7:07  Marauder  
  96  7:13  Widow Mine x2  
  96  7:15  Missile Turret  
  100  7:21  Marine  
  100  7:22  Marine  
  102  7:28  Command Center  
  102  7:35  Widow Mine x2  
  102  7:37  Marauder x2  
  110  7:42  Marine x2  
  110  7:48  Supply Depot  
  110  7:50  Supply Depot  
  108  7:55  SCV x2  
  108  7:56  Barracks  
  108  7:57  Barracks  
  110  8:09  Ghost Academy  
  110  8:10  SCV x2  
  112  8:13  Marine  
  112  8:14  Marine, Marauder x2  
  112  8:19  Widow Mine  
  122  8:20  Widow Mine  
  122  8:22  SCV x2  
  124  8:27  Medivac  
  125  8:34  SCV  
  125  8:37  Medivac  
  125  8:48  Barracks Tech Lab, Marine x2, Marauder x2  
  127  8:49  Barracks Reactor  
  127  8:50  SCV  
  127  8:51  SCV  
  129  8:57  Terran Infantry Weapons Level 2  
  128  9:03  SCV x2  
  130  9:13  Marauder x2  
  130  9:15  SCV x2  
  133  9:18  Orbital Command  
  130  9:27  SCV  
  129  9:32  Missile Turret  
  129  9:33  Supply Depot  
  129  9:34  Supply Depot, Viking x2  
  129  9:36  SCV  
  132  9:39  SCV  
  132  9:42  Refinery x2  
  133  9:49  Ghost x2  
  133  9:50  Ghost  
  139  9:55  Marine  
  139  9:56  Marine x3  
  142  10:13  Viking x2  
  139  10:17  Ghost x2  
  139  10:19  Ghost  
  139  10:20  Marine x4  
  143  10:21  Widow Mine x2  
  139  10:35  Engineering Bay  
  139  10:37  Terran Ship Weapons Level 1  
  139  10:38  Marine x3  
  144  10:43  Widow Mine x2  
  144  10:44  Viking x2  
  150  10:54  Marauder x3  
  150  10:55  Missile Turret  
  156  10:58  Supply Depot  
  156  10:59  Supply Depot  
  156  11:00  Supply Depot  
  156  11:01  Terran Infantry Armor Level 2  
  156  11:20  Widow Mine x2, Viking x2  
  164  11:26  Command Center  
  164  11:28  Marauder x3  
  164  11:30  Marine  
  164  11:31  Marine x3  
  174  11:38  Supply Depot  
  174  11:39  Supply Depot x2  
  172  11:53  Barracks x2  
  172  11:55  Barracks  
  158  12:13  Marine x4  
  159  12:21  Viking x2  
  159  12:22  SCV x3  
  165  12:29  Marauder x3  
  171  12:38  Starport  
  171  12:51  Medivac x2  
  175  12:54  SCV  
  175  12:55  SCV x2  
  178  13:02  Barracks Tech Lab x2, Barracks Reactor  
  178  13:07  Marauder x3  
  178  13:11  Marine x3  
  176  13:32  Marine x3, Marauder x5  
  176  13:33  Marine  
  180  13:37  Fusion Core  
  180  13:52  Liberator x4  
  192  13:57  Terran Ship Weapons Level 2  
  192  14:02  Planetary Fortress  
  192  14:03  Missile Turret  
  190  14:14  Missile Turret, Sensor Tower  
  190  14:25  Marauder x3  
  190  14:26  Marine x2  
  192  14:36  Liberator x2  
  198  14:41  Advanced Ballistics  
  198  14:42  Refinery  
  198  14:43  Refinery  
  181  15:07  Liberator x2, Ghost x2  
  181  15:08  Ghost x2  
  195  15:17  Command Center  
  185  15:34  Marine x2  
  171  15:38  Marine x4, Marauder x2  
  167  15:48  Ghost  
  128  15:57  Liberator x4  
  128  16:03  SCV x3  
  121  16:04  SCV  
  121  16:07  Terran Infantry Weapons Level 3  
  117  16:15  SCV  
  120  16:26  Marauder x3  
  120  16:28  SCV  
  120  16:31  SCV  
  120  16:32  SCV  
  127  16:38  SCV  
  128  16:41  SCV, Sensor Tower  
  124  16:56  Viking x2  
  124  16:57  Viking x2  
  126  17:18  Marauder x3  
  126  17:21  Marine x3  
  135  17:25  Ghost x2  
  137  17:34  Command Center  
  137  17:35  Viking x3  
  137  17:36  Viking  
  135  17:55  Missile Turret, Sensor Tower  
  135  18:12  Viking x2  
  106  18:35  Marine x11  
  113  18:42  SCV x3  
  114  18:52  Marine  
  114  18:53  Marine x4  
Tags
 
Add a new tag
Caveats
  • Supply blocks, unpowered buildings, or Contaminate may cause inaccurate times.
  • Supply counts are checked every 10 seconds.